TOP OF THE 1ST |
Kingston Iguanas batting - Pitching for Butler White Sox : LHP Jerry Martin
|
Pitching: LHP Jerry Martin
|
|
Batting: RHB Jesús Villalobos
|
0-0: Called Strike 0-1: Ball 1-1: Ball 2-1: Ball 3-1: Bunted foul 3-2: Base on Balls
|
Batting: RHB Francisco Martínez
|
0-0: Ball 1-0: Grounds into double play, 5-4-3 (Groundball, 56)
|
Batting: RHB Bobby Armstrong
|
0-0: Called Strike 0-1: Ball 1-1: Called Strike 1-2: Foul Ball, location: 2F 1-2: Foul Ball, location: 2F 1-2: Strikes out swinging
|
Top of the 1st over - 0 run(s), 0 hit(s), 0 error(s), 0 left on base; Kingston 0 - Butler 0 |
BOTTOM OF THE 1ST |
Butler White Sox batting - Pitching for Kingston Iguanas : RHP Josh Young
|
Pitching: RHP Josh Young
|
|
Batting: LHB Sam Haynes
|
0-0: Foul Ball, location: 2F 0-1: Swinging Strike 0-2: Ball 1-2: Foul Ball, location: 2F 1-2: Foul Ball, location: 2F 1-2: Foul Ball, location: 2F 1-2: Ball 2-2: Ball 3-2: Base on Balls
|
Batting: LHB Thomas Dixon
|
0-0: Ball 1-0: Called Strike 1-1: SINGLE (Flyball, 89S) Sam Haynes to second
|
Batting: RHB Ken Longoria
|
0-0: Ball 1-0: Ball 2-0: Ball 3-0: Base on Balls Sam Haynes to third Thomas Dixon to second
|
Batting: LHB Denny Allen
|
0-0: Fly out, F6 (Line Drive, 6)
|
Batting: RHB Bobby Murdock
|
0-0: Ball 1-0: Called Strike 1-1: Swinging Strike 1-2: Strikes out swinging
|
Batting: RHB Tom Lang
|
0-0: Called Strike 0-1: Called Strike 0-2: Strikes out swinging
|
Bottom of the 1st over - 0 run(s), 1 hit(s), 0 error(s), 3 left on base; Kingston 0 - Butler 0 |
TOP OF THE 2ND |
Kingston Iguanas batting - Pitching for Butler White Sox : LHP Jerry Martin
|
Batting: RHB Luis Aguilar
|
0-0: Ball 1-0: Called Strike 1-1: Swinging Strike 1-2: Ball 2-2: Strikes out swinging
|
Batting: RHB Tim Davis
|
0-0: Fly out, F8 (Flyball, 89M)
|
Batting: SHB Devin Smith
|
0-0: Foul Ball, location: 2F 0-1: Called Strike 0-2: Ball 1-2: Ball 2-2: Foul Ball, location: 2F 2-2: Hit by Pitch
|
Batting: RHB Chris McBride
|
0-0: Ball 1-0: Fly out, F4 (Popup, 4D)
|
Top of the 2nd over - 0 run(s), 0 hit(s), 0 error(s), 1 left on base; Kingston 0 - Butler 0 |
BOTTOM OF THE 2ND |
Butler White Sox batting - Pitching for Kingston Iguanas : RHP Josh Young
|
Batting: RHB Luis Ramos
|
0-0: Fly out, F9 (Flyball, 9S)
|
Batting: RHB José Darias
|
0-0: Fly out, F8 (Flyball, 8LD)
|
Batting: RHB Steve Clifton
|
0-0: Swinging Strike 0-1: Swinging Strike 0-2: Ball 1-2: Foul Ball, location: 2F 1-2: Foul Ball, location: 2F 1-2: Ball 2-2: Fly out, F8 (Flyball, 8RXD)
|
Bottom of the 2nd over - 0 run(s), 0 hit(s), 0 error(s), 0 left on base; Kingston 0 - Butler 0 |
TOP OF THE 3RD |
Kingston Iguanas batting - Pitching for Butler White Sox : LHP Jerry Martin
|
Batting: LHB Mike Godfrey
|
0-0: Ball 1-0: Ball 2-0: Fly out, F6 (Popup, 6)
|
Batting: LHB Will Holt
|
0-0: Called Strike 0-1: Foul Ball, location: 2F 0-2: Ball 1-2: Strikes out swinging
|
Batting: RHB Jesús Villalobos
|
0-0: Called Strike 0-1: Ball 1-1: Swinging Strike 1-2: Strikes out looking
|
Top of the 3rd over - 0 run(s), 0 hit(s), 0 error(s), 0 left on base; Kingston 0 - Butler 0 |
BOTTOM OF THE 3RD |
Butler White Sox batting - Pitching for Kingston Iguanas : RHP Josh Young
|
Batting: LHB Sam Haynes
|
0-0: Ball 1-0: Foul Ball, location: 2F 1-1: Called Strike 1-2: Strikes out swinging
|
Batting: LHB Thomas Dixon
|
0-0: Ball 1-0: Foul Ball, location: 2F 1-1: Called Strike 1-2: Foul Ball, location: 2F 1-2: Ground out 6-3 (Groundball, 6M)
|
Batting: RHB Ken Longoria
|
0-0: Ball 1-0: Ball 2-0: Called Strike 2-1: Swinging Strike 2-2: Foul Ball, location: 2F 2-2: Strikes out swinging
|
Bottom of the 3rd over - 0 run(s), 0 hit(s), 0 error(s), 0 left on base; Kingston 0 - Butler 0 |
TOP OF THE 4TH |
Kingston Iguanas batting - Pitching for Butler White Sox : LHP Jerry Martin
|
Batting: RHB Francisco Martínez
|
0-0: Ball 1-0: Swinging Strike 1-1: SINGLE (Line Drive, 56)
|
Batting: RHB Bobby Armstrong
|
0-0: Ball 1-0: Ball 2-0: Called Strike 2-1: Foul Ball, location: 2F 2-2: Ball 3-2: Base on Balls Francisco Martínez to second
|
Batting: RHB Luis Aguilar
|
0-0: Ball 1-0: Called Strike 1-1: Ball 2-1: Ball 3-1: Foul Ball, location: 2F 3-2: SINGLE (Groundball, 4D) Francisco Martínez to third Bobby Armstrong to second Runner from 3rd tries for Home, SAFE, throw made home
|
Batting: RHB Tim Davis
|
0-0: Grounds into double play, 4-6-3 (Groundball, 4) Bobby Armstrong to third
|
Batting: SHB Devin Smith
|
0-0: Called Strike 0-1: Foul Ball, location: 2F 0-2: Strikes out swinging
|
Top of the 4th over - 1 run(s), 2 hit(s), 0 error(s), 1 left on base; Kingston 1 - Butler 0 |
BOTTOM OF THE 4TH |
Butler White Sox batting - Pitching for Kingston Iguanas : RHP Josh Young
|
Batting: LHB Denny Allen
|
0-0: Ground out U3 (Groundball, 3)
|
Batting: RHB Bobby Murdock
|
0-0: Called Strike 0-1: Ball 1-1: Ball 2-1: Ground out 6-3 (Groundball, 6)
|
Batting: RHB Tom Lang
|
0-0: Ball 1-0: SINGLE (Groundball, 34D)
|
Batting: RHB Luis Ramos
|
0-0: Ball 1-0: Called Strike 1-1: Swinging Strike 1-2: Strikes out swinging
|
Bottom of the 4th over - 0 run(s), 1 hit(s), 0 error(s), 1 left on base; Kingston 1 - Butler 0 |
TOP OF THE 5TH |
Kingston Iguanas batting - Pitching for Butler White Sox : LHP Jerry Martin
|
Batting: RHB Chris McBride
|
0-0: Ground out 5-3 (Groundball, 56)
|
Batting: LHB Mike Godfrey
|
0-0: Ball 1-0: Ball 2-0: Fly out, F8 (Flyball, 8LM)
|
Batting: LHB Will Holt
|
0-0: Foul Ball, location: 2F 0-1: Swinging Strike 0-2: Ground out U3 (Groundball, 3L)
|
Top of the 5th over - 0 run(s), 0 hit(s), 0 error(s), 0 left on base; Kingston 1 - Butler 0 |
BOTTOM OF THE 5TH |
Butler White Sox batting - Pitching for Kingston Iguanas : RHP Josh Young
|
Batting: RHB José Darias
|
0-0: Fly out, F2 (Popup, 2L)
|
Batting: RHB Steve Clifton
|
0-0: Ball 1-0: Swinging Strike 1-1: Ball 2-1: Ball 3-1: Base on Balls
|
Batting: LHB Sam Haynes
|
0-0: Ball 1-0: Called Strike 1-1: Ball 2-1: Foul Ball, location: 2F 2-2: Foul Ball, location: 2F 2-2: Strikes out swinging
|
Batting: LHB Thomas Dixon
|
0-0: Called Strike 0-1: DOUBLE (Flyball, 78M) Steve Clifton to third
|
Batting: RHB Ken Longoria
|
0-0: Ball 1-0: Foul Ball, location: 2F 1-1: Ground out 6-3 (Groundball, 6)
|
Bottom of the 5th over - 0 run(s), 1 hit(s), 0 error(s), 2 left on base; Kingston 1 - Butler 0 |
TOP OF THE 6TH |
Kingston Iguanas batting - Pitching for Butler White Sox : LHP Jerry Martin
|
Batting: RHB Jesús Villalobos
|
0-0: Fly out, F9 (Line Drive, 9)
|
Batting: RHB Francisco Martínez
|
0-0: Swinging Strike 0-1: Foul Ball, location: 2F 0-2: Ball 1-2: Ball 2-2: Strikes out swinging
|
Batting: RHB Bobby Armstrong
|
0-0: Called Strike 0-1: Ball 1-1: Swinging Strike 1-2: Foul Ball, location: 2F 1-2: SINGLE (Line Drive, 3D)
|
Batting: RHB Luis Aguilar
|
0-0: Swinging Strike 0-1: Called Strike 0-2: Ball Bobby Armstrong is caught stealing 2nd base
|
Top of the 6th over - 0 run(s), 1 hit(s), 0 error(s), 0 left on base; Kingston 1 - Butler 0 |
BOTTOM OF THE 6TH |
Butler White Sox batting - Pitching for Kingston Iguanas : RHP Josh Young
|
Batting: LHB Denny Allen
|
0-0: Called Strike 0-1: Ball 1-1: Ball 2-1: Swinging Strike 2-2: Foul Ball, location: 2F 2-2: Strikes out swinging
|
Batting: RHB Bobby Murdock
|
0-0: Ball 1-0: Called Strike 1-1: Called Strike 1-2: Strikes out swinging
|
Batting: RHB Tom Lang
|
0-0: Ball 1-0: Ball 2-0: Called Strike 2-1: SINGLE (Line Drive, 7LM)
|
Batting: RHB Luis Ramos
|
0-0: Foul Ball, location: 2F 0-1: Called Strike 0-2: Ball 1-2: Fly out, F8 (Flyball, 8RM)
|
Bottom of the 6th over - 0 run(s), 1 hit(s), 0 error(s), 1 left on base; Kingston 1 - Butler 0 |
TOP OF THE 7TH |
Kingston Iguanas batting - Pitching for Butler White Sox : LHP Jerry Martin
|
Batting: RHB Luis Aguilar
|
0-0: Ball 1-0: Called Strike 1-1: Called Strike 1-2: Strikes out swinging
|
Batting: RHB Tim Davis
|
0-0: Foul Ball, location: 2F 0-1: Ball 1-1: Swinging Strike 1-2: Ball 2-2: Ball 3-2: Fly out, F9 (Flyball, 9D)
|
Batting: SHB Devin Smith
|
0-0: Ball 1-0: Ground out 6-3 (Groundball, 56)
|
Top of the 7th over - 0 run(s), 0 hit(s), 0 error(s), 0 left on base; Kingston 1 - Butler 0 |
BOTTOM OF THE 7TH |
Butler White Sox batting - Pitching for Kingston Iguanas : RHP Josh Young
|
Batting: RHB José Darias
|
0-0: Ball 1-0: Ball 2-0: Ball 3-0: Called Strike 3-1: Reached on error, E6 (Groundball, 6)
|
Pitching: RHP Jesús Gonzáles
|
|
Batting: RHB Steve Clifton
|
0-0: Ball 1-0: Ball 2-0: Bunted foul 2-1: Bunted foul 2-2: Foul Ball, location: 2F 2-2: Foul Ball, location: 2F 2-2: Ball 3-2: Fly out, F8 (Flyball, 8RM)
|
Pitching: LHP Ray McKnight
|
|
Pinch Hitting: SHB Giel Molendijk
|
0-0: Foul Ball, location: 2F 0-1: Ball 1-1: Swinging Strike 1-2: Ball 2-2: Foul Ball, location: 2F 2-2: Ball 3-2: Foul Ball, location: 2F 3-2: Foul Ball, location: 2F 3-2: Foul Ball, location: 2F 3-2: Base on Balls
|
Pitching: RHP Chandler Lindsey
|
|
Batting: LHB Thomas Dixon
|
0-0: Called Strike 0-1: Ball 1-1: Ball 2-1: Called Strike 2-2: Ball 3-2: Foul Ball, location: 2F 3-2: Strikes out swinging
|
Batting: RHB Ken Longoria
|
0-0: Foul Ball, location: 2F 0-1: Ball 1-1: Ball 2-1: Swinging Strike 2-2: Ball 3-2: Strikes out looking
|
Bottom of the 7th over - 0 run(s), 0 hit(s), 1 error(s), 2 left on base; Kingston 1 - Butler 0 |
TOP OF THE 8TH |
Kingston Iguanas batting - Pitching for Butler White Sox : LHP Jerry Martin
|
Now at SS: Luis Fuentes
|
|
Batting: RHB Chris McBride
|
0-0: Foul Ball, location: 2F 0-1: Ball 1-1: Fly out, F8 (Flyball, 8LM)
|
Batting: LHB Mike Godfrey
|
0-0: Ball 1-0: Called Strike 1-1: Ball 2-1: SINGLE (Line Drive, 34)
|
Pitching: RHP Juan Silva
|
|
Pinch Hitting: RHB Matt Rodríguez
|
0-0: Called Strike 0-1: Foul Ball, location: 2F 0-2: Ball 1-2: Ball 2-2: Foul Ball, location: 2F 2-2: Strikes out swinging
|
Batting: RHB Jesús Villalobos
|
0-0: Called Strike 0-1: Called Strike 0-2: Foul Ball, location: 2F 0-2: Ball 1-2: Foul Ball, location: 2F 1-2: Foul Ball, location: 2F 1-2: Ball 2-2: Foul Ball, location: 2F 2-2: Foul Ball, location: 2F 2-2: Strikes out swinging
|
Top of the 8th over - 0 run(s), 1 hit(s), 0 error(s), 1 left on base; Kingston 1 - Butler 0 |
BOTTOM OF THE 8TH |
Butler White Sox batting - Pitching for Kingston Iguanas : RHP Chandler Lindsey
|
Pitching: RHP Brandon Malet
|
|
Now at 2B: Ken MacDonald
|
|
Batting: LHB Denny Allen
|
0-0: Called Strike 0-1: Foul Ball, location: 2F 0-2: Ball 1-2: Strikes out swinging
|
Batting: RHB Bobby Murdock
|
0-0: Ball 1-0: Swinging Strike 1-1: Swinging Strike 1-2: Ball 2-2: Ball 3-2: Strikes out swinging
|
Batting: RHB Tom Lang
|
0-0: Ball 1-0: Fly out, F4 (Popup, 4S)
|
Bottom of the 8th over - 0 run(s), 0 hit(s), 0 error(s), 0 left on base; Kingston 1 - Butler 0 |
TOP OF THE 9TH |
Kingston Iguanas batting - Pitching for Butler White Sox : RHP Juan Silva
|
Batting: RHB Francisco Martínez
|
0-0: Ground out U3 (Groundball, 3)
|
Batting: RHB Bobby Armstrong
|
0-0: Ball 1-0: Foul Ball, location: 2F 1-1: Called Strike 1-2: Strikes out swinging
|
Batting: RHB Luis Aguilar
|
0-0: Ball 1-0: Ball 2-0: Ball 3-0: Foul Ball, location: 2F 3-1: Foul Ball, location: 2F 3-2: SINGLE (Groundball, 34D)
|
Pinch Hitting: LHB Carlton López
|
0-0: Ball 1-0: Ball 2-0: Ball 3-0: Foul Ball, location: 2F 3-1: Base on Balls Luis Aguilar to second
|
Pinch Hitting: LHB Billy Anderson
|
0-0: Called Strike 0-1: Swinging Strike 0-2: Strikes out looking
|
Top of the 9th over - 0 run(s), 1 hit(s), 0 error(s), 2 left on base; Kingston 1 - Butler 0 |
BOTTOM OF THE 9TH |
Butler White Sox batting - Pitching for Kingston Iguanas : RHP Brandon Malet
|
Pitching: RHP Ron Jenkins
|
|
Now in LF: Billy Anderson
|
|
Now in CF: Carlton López
|
|
Pinch Hitting: LHB Sean Perkins
|
0-0: SINGLE (Flyball, 8LS)
|
Pinch Hitting: LHB Josh Pérez
|
0-0: Sac Bunt - play at first, batter safe! Sean Perkins to second
|
Batting: RHB Steve Clifton
|
0-0: Called Strike 0-1: Bunted foul 0-2: Ball 1-2: Grounds into double play, 6-4-3 (Groundball, 6) Sean Perkins to third
|
Pinch Hitting: LHB Félix Fernández
|
0-0: Called Strike 0-1: Swinging Strike 0-2: DOUBLE (Line Drive, 9) Sean Perkins scores
|
Batting: LHB Thomas Dixon
|
0-0: Ball 1-0: Foul Ball, location: 2F 1-1: Called Strike 1-2: Fly out, F5 (Flyball, 5D)
|
Bottom of the 9th over - 1 run(s), 3 hit(s), 0 error(s), 1 left on base; Kingston 1 - Butler 1 |
TOP OF THE 10TH |
Kingston Iguanas batting - Pitching for Butler White Sox : RHP Juan Silva
|
Pitching: RHP Archie Summers
|
|
Now at 3B: Ben Marks
|
|
Now at SS: Cássio Cardenas
|
|
Now in CF: Josh Pérez
|
|
Pinch Hitting: RHB Diego Francisco
|
0-0: Called Strike 0-1: Fly out, F7 (Flyball, 78M)
|
Batting: LHB Mike Godfrey
|
0-0: Foul Ball, location: 2F 0-1: Ground out 3-1 (Groundball, 34)
|
Pinch Hitting: SHB Yasuhiro Ikarashi
|
0-0: Called Strike 0-1: Ball 1-1: Swinging Strike 1-2: Strikes out swinging
|
Top of the 10th over - 0 run(s), 0 hit(s), 0 error(s), 0 left on base; Kingston 1 - Butler 1 |
BOTTOM OF THE 10TH |
Butler White Sox batting - Pitching for Kingston Iguanas : RHP Ron Jenkins
|
Now at SS: Júlio Valentín
|
|
Now in RF: Yasuhiro Ikarashi
|
|
Batting: RHB Ken Longoria
|
0-0: Swinging Strike 0-1: Foul Ball, location: 2F 0-2: Strikes out looking
|
Batting: LHB Denny Allen
|
0-0: Ball 1-0: Foul Ball, location: 2F 1-1: Ball 2-1: Ball 3-1: Foul Ball, location: 2F 3-2: Foul Ball, location: 2F 3-2: Foul Ball, location: 2F 3-2: Strikes out swinging
|
Batting: RHB Bobby Murdock
|
0-0: Ball 1-0: Ball 2-0: Ball 3-0: Called Strike 3-1: Called Strike 3-2: Strikes out swinging
|
Bottom of the 10th over - 0 run(s), 0 hit(s), 0 error(s), 0 left on base; Kingston 1 - Butler 1 |
TOP OF THE 11TH |
Kingston Iguanas batting - Pitching for Butler White Sox : RHP Archie Summers
|
Batting: RHB Jesús Villalobos
|
0-0: Fly out, F8 (Flyball, 8LM)
|
Batting: RHB Francisco Martínez
|
0-0: Called Strike 0-1: Ground out 3-1 (Groundball, 34S)
|
Batting: RHB Bobby Armstrong
|
0-0: Ball 1-0: Swinging Strike 1-1: Foul Ball, location: 2F 1-2: Fly out, F8 (Line Drive, 8LD)
|
Top of the 11th over - 0 run(s), 0 hit(s), 0 error(s), 0 left on base; Kingston 1 - Butler 1 |
BOTTOM OF THE 11TH |
Butler White Sox batting - Pitching for Kingston Iguanas : RHP Ron Jenkins
|
Batting: RHB Tom Lang
|
0-0: Ball 1-0: Fly out, F4 (Line Drive, 4MS)
|
Batting: RHB Cássio Cardenas
|
0-0: Foul Ball, location: 2F 0-1: Ball 1-1: Ground out 4-3 (Groundball, 4)
|
Batting: LHB Josh Pérez
|
0-0: Ball 1-0: Called Strike 1-1: Foul Ball, location: 2F 1-2: Strikes out swinging
|
Bottom of the 11th over - 0 run(s), 0 hit(s), 0 error(s), 0 left on base; Kingston 1 - Butler 1 |
TOP OF THE 12TH |
Kingston Iguanas batting - Pitching for Butler White Sox : RHP Archie Summers
|
Pitching: LHP Phil Forbes
|
|
Batting: RHB Luis Aguilar
|
0-0: Called Strike 0-1: Fly out, F8 (Flyball, 89D)
|
Pinch Hitting: RHB Mike Johnson
|
0-0: Ball 1-0: Called Strike 1-1: Called Strike 1-2: Strikes out looking
|
Batting: LHB Billy Anderson
|
0-0: Ball 1-0: Called Strike 1-1: Swinging Strike 1-2: Strikes out swinging
|
Top of the 12th over - 0 run(s), 0 hit(s), 0 error(s), 0 left on base; Kingston 1 - Butler 1 |
BOTTOM OF THE 12TH |
Butler White Sox batting - Pitching for Kingston Iguanas : RHP Ron Jenkins
|
Now in CF: Mike Johnson
|
|
Pinch Hitting: SHB Tomás Escobar
|
0-0: Ball 1-0: Ball 2-0: Ball 3-0: Base on Balls
|
Batting: SHB Ben Marks
|
0-0: Sac Bunt - play at first, batter OUT! 4-3 Tomás Escobar to second
|
Batting: LHB Thomas Dixon
|
0-0: Ball 1-0: Foul Ball, location: 2F 1-1: Called Strike 1-2: Foul Ball, location: 2F 1-2: Ground out 4-3 (Groundball, 4S) Tomás Escobar to third
|
Batting: RHB Ken Longoria
|
0-0: Ball 1-0: Called Strike 1-1: Foul Ball, location: 2F 1-2: Ball 2-2: Ball 3-2: Ground out 3-1 (Groundball, 34)
|
Bottom of the 12th over - 0 run(s), 0 hit(s), 0 error(s), 1 left on base; Kingston 1 - Butler 1 |
TOP OF THE 13TH |
Kingston Iguanas batting - Pitching for Butler White Sox : LHP Phil Forbes
|
Now at C: Mançio Delmage
|
|
Batting: SHB Júlio Valentín
|
0-0: Foul Ball, location: 2F 0-1: Ball 1-1: Foul Ball, location: 2F 1-2: Ball 2-2: SINGLE (Groundball, 6D)
|
Batting: LHB Mike Godfrey
|
0-0: Bunted foul 0-1: Reached on error, E1 (Groundball, 13S) Júlio Valentín to second
|
Batting: SHB Yasuhiro Ikarashi
|
0-0: Ball 1-0: Foul Ball, location: 2F 1-1: Foul Ball, location: 2F 1-2: Foul Ball, location: 2F 1-2: Strikes out swinging
|
Batting: RHB Jesús Villalobos
|
0-0: Ball 1-0: Grounds into double play, 6-4-3 (Groundball, 6)
|
Top of the 13th over - 0 run(s), 1 hit(s), 1 error(s), 1 left on base; Kingston 1 - Butler 1 |
BOTTOM OF THE 13TH |
Butler White Sox batting - Pitching for Kingston Iguanas : RHP Ron Jenkins
|
Batting: LHB Denny Allen
|
0-0: Ball 1-0: Ball 2-0: Ball 3-0: Called Strike 3-1: Swinging Strike 3-2: Fly out, F8 (Line Drive, 8RM)
|
Pitching: RHP Matt Nance
|
|
Batting: RHB Bobby Murdock
|
0-0: Ball 1-0: Called Strike 1-1: Called Strike 1-2: Strikes out swinging
|
Batting: RHB Tom Lang
|
0-0: Ball 1-0: Called Strike 1-1: Swinging Strike 1-2: Strikes out looking
|
Bottom of the 13th over - 0 run(s), 0 hit(s), 0 error(s), 0 left on base; Kingston 1 - Butler 1 |
TOP OF THE 14TH |
Kingston Iguanas batting - Pitching for Butler White Sox : LHP Phil Forbes
|
Batting: RHB Francisco Martínez
|
0-0: Ball 1-0: Ball 2-0: Ball 3-0: Called Strike 3-1: Ground out 5-3 (Groundball, 56S)
|
Batting: RHB Bobby Armstrong
|
0-0: Foul Ball, location: 2F 0-1: Swinging Strike 0-2: Strikes out swinging
|
Batting: RHB Luis Aguilar
|
0-0: Foul Ball, location: 2F 0-1: Ball 1-1: Foul Ball, location: 2F 1-2: Strikes out swinging
|
Top of the 14th over - 0 run(s), 0 hit(s), 0 error(s), 0 left on base; Kingston 1 - Butler 1 |
BOTTOM OF THE 14TH |
Butler White Sox batting - Pitching for Kingston Iguanas : RHP Matt Nance
|
Batting: RHB Cássio Cardenas
|
0-0: Ball 1-0: Foul Ball, location: 2F 1-1: Foul Ball, location: 2F 1-2: Strikes out swinging
|
Batting: LHB Josh Pérez
|
0-0: Foul Ball, location: 2F 0-1: Ball 1-1: Ball 2-1: Ball 3-1: Foul Ball, location: 2F 3-2: Foul Ball, location: 2F 3-2: Base on Balls
|
Batting: RHB Mançio Delmage
|
0-0: Ball 1-0: Ball 2-0: Fly out, F7 (Flyball, 78S)
|
Batting: SHB Ben Marks
|
0-0: Ground out 1-3 (Groundball, 15)
|
Bottom of the 14th over - 0 run(s), 0 hit(s), 0 error(s), 1 left on base; Kingston 1 - Butler 1 |
TOP OF THE 15TH |
Kingston Iguanas batting - Pitching for Butler White Sox : LHP Phil Forbes
|
Batting: RHB Mike Johnson
|
0-0: Foul Ball, location: 2F 0-1: Swinging Strike 0-2: Foul Ball, location: 2F 0-2: Strikes out looking
|
Batting: LHB Billy Anderson
|
0-0: Foul Ball, location: 2F 0-1: Ball 1-1: SINGLE (Line Drive, 8LS)
|
Batting: SHB Júlio Valentín
|
0-0: Ball 1-0: Swinging Strike 1-1: Foul Ball, location: 2F 1-2: Strikes out swinging
|
Batting: LHB Mike Godfrey
|
0-0: Swinging Strike 0-1: Foul Ball, location: 2F 0-2: Strikes out looking
|
Top of the 15th over - 0 run(s), 1 hit(s), 0 error(s), 1 left on base; Kingston 1 - Butler 1 |
BOTTOM OF THE 15TH |
Butler White Sox batting - Pitching for Kingston Iguanas : RHP Matt Nance
|
Batting: LHB Thomas Dixon
|
0-0: Called Strike 0-1: Fly out, F9 (Flyball, 9LMF)
|
Batting: RHB Ken Longoria
|
0-0: Ball 1-0: Called Strike 1-1: Ground out 5-3 (Groundball, 56)
|
Batting: LHB Denny Allen
|
0-0: Called Strike 0-1: Swinging Strike 0-2: Strikes out swinging, 2-3 out at first.
|
Bottom of the 15th over - 0 run(s), 0 hit(s), 0 error(s), 0 left on base; Kingston 1 - Butler 1 |
TOP OF THE 16TH |
Kingston Iguanas batting - Pitching for Butler White Sox : LHP Phil Forbes
|
Batting: SHB Yasuhiro Ikarashi
|
0-0: Called Strike 0-1: Ball 1-1: Ball 2-1: Foul Ball, location: 2F 2-2: Strikes out swinging
|
Batting: RHB Jesús Villalobos
|
0-0: Ball 1-0: Ball 2-0: Ball 3-0: Foul Ball, location: 2F 3-1: Base on Balls
|
Batting: RHB Francisco Martínez
|
0-0: Called Strike 0-1: Ball 1-1: Ball 2-1: Ball 3-1: Base on Balls Jesús Villalobos to second
|
Batting: RHB Bobby Armstrong
|
0-0: SINGLE (Groundball, 5D) Jesús Villalobos to third Francisco Martínez to second Runner from 3rd tries for Home, throw and OUT!
|
Batting: RHB Luis Aguilar
|
0-0: Ball 1-0: Swinging Strike 1-1: Foul Ball, location: 2F 1-2: Ball 2-2: Foul Ball, location: 2F 2-2: Ground out 3-1 (Groundball, 34)
|
Top of the 16th over - 0 run(s), 1 hit(s), 0 error(s), 2 left on base; Kingston 1 - Butler 1 |
BOTTOM OF THE 16TH |
Butler White Sox batting - Pitching for Kingston Iguanas : RHP Matt Nance
|
Batting: RHB Bobby Murdock
|
0-0: Foul Ball, location: 2F 0-1: Ball 1-1: Swinging Strike 1-2: Ball 2-2: Strikes out swinging
|
Batting: RHB Tom Lang
|
0-0: Foul Ball, location: 2F 0-1: Ball 1-1: Foul Ball, location: 2F 1-2: Ball 2-2: Fly out, F9 (Flyball, 89M)
|
Batting: RHB Cássio Cardenas
|
0-0: Ball 1-0: Swinging Strike 1-1: SINGLE (Groundball, 6MD)
|
Batting: LHB Josh Pérez
|
0-0: Called Strike 0-1: Ball 1-1: Ball 2-1: Ball 3-1: Base on Balls Cássio Cardenas to second
|
Batting: RHB Mançio Delmage
|
0-0: Ball 1-0: Called Strike 1-1: Swinging Strike 1-2: Ball 2-2: Foul Ball, location: 2F 2-2: Strikes out swinging
|
Bottom of the 16th over - 0 run(s), 1 hit(s), 0 error(s), 2 left on base; Kingston 1 - Butler 1 |
TOP OF THE 17TH |
Kingston Iguanas batting - Pitching for Butler White Sox : LHP Phil Forbes
|
Batting: RHB Mike Johnson
|
0-0: Foul Ball, location: 2F 0-1: Ball 1-1: Ball 2-1: Ball 3-1: Called Strike 3-2: Foul Ball, location: 2F 3-2: Foul Ball, location: 2F 3-2: SINGLE (Groundball, 6S) (infield hit)
|
Batting: LHB Billy Anderson
|
0-0: Ball 1-0: Sac Bunt - play at first, batter OUT! 1-4 Mike Johnson to second
|
Batting: SHB Júlio Valentín
|
0-0: Ball 1-0: Reached on error, E6 (Groundball, 6) Mike Johnson to third
|
Batting: LHB Mike Godfrey
|
0-0: Ball 1-0: Fielders Choice at 2nd, 6-4 (Groundball, 6M) Mike Johnson scores
|
Batting: SHB Yasuhiro Ikarashi
|
0-0: Called Strike 0-1: Ball 1-1: Ball Wild Pitch! Mike Godfrey to second 2-1: Called Strike 2-2: Ball 3-2: Foul Ball, location: 2F 3-2: Foul Ball, location: 2F 3-2: Ground out 4-3 (Groundball, 4)
|
Top of the 17th over - 1 run(s), 1 hit(s), 1 error(s), 1 left on base; Kingston 2 - Butler 1 |
BOTTOM OF THE 17TH |
Butler White Sox batting - Pitching for Kingston Iguanas : RHP Matt Nance
|
Batting: SHB Ben Marks
|
0-0: Ball 1-0: SINGLE (Flyball, 6MD)
|
Batting: LHB Thomas Dixon
|
0-0: Ball 1-0: Fly out, F8 (Flyball, 78M)
|
Batting: RHB Ken Longoria
|
0-0: Ball 1-0: Called Strike 1-1: Ball 2-1: DOUBLE (Groundball, 3L) Ben Marks to third
|
Pitching: LHP José Carlos
|
|
Batting: LHB Denny Allen
|
0-0: SINGLE (Groundball, 34) Ben Marks scores Ken Longoria to third Runner from 3rd tries for Home, SAFE, throw made home
|
Thursday, March 30th, 2017 - OOTP Baseball 17.12 Build 75
|
|